 Dungeon Crawl Stone Soup version 0.29-a0-732-g3d7fbe0af2 (webtiles) character file.

Game seed: 6107599571422754767

88 elite277 the Grave Robber (level 4, 0/30 HPs)
             Began as a Human Necromancer on June 29, 2022.
             Hit by a stone thrown by a gnoll (1 damage)
             ... on level 3 of the Dungeon.
             The game lasted 00:11:48 (2864 turns).

elite277 the Grave Robber (Human Necromancer)       Turns: 2864, Time: 00:11:50

Health: 0/30       AC:  3    Str:  9    XL:     4   Next: 81%
Magic:  0/8        EV: 11    Int: 17    God:
Gold:   17         SH:  0    Dex: 13    Spells: 4/8 levels left

rFire   + + .      SeeInvis .   g - +0 dagger
rCold   + . .      Faith    .   (no shield)
rNeg    . . .      Spirit   .   o - +0 leather armour
rPois   +          Reflect  .   (no helmet)
rElec   +          Harm     .   (no cloak)
rCorr   +          Rampage  .   (no gloves)
Will    .....                   (no boots)
Stlth   ++........              (no amulet)
HPRegen 0.10/turn               j - ring of protection from fire
MPRegen 0.11/turn               (no ring)

@: resistant (expiring)
A: no striking features
a: no special abilities


You were on level 3 of the Dungeon.
You visited 1 branch of the dungeon, and saw 3 of its levels.

You collected 153 gold pieces.
You spent 136 gold pieces at shops.

Inventory:

Hand Weapons
 g - a +0 dagger (weapon)
 n - a +0 short sword
Missiles
 m - 4 boomerangs
Armour
 a - a +0 robe
 o - a +0 leather armour (worn)
Jewellery
 j - a ring of protection from fire (left hand)
Scrolls
 b - a scroll of poison
 h - a scroll of immolation
 i - a scroll of fog
 k - a scroll of enchant weapon
 l - a scroll of noise


   Skills:
 + Level 0.1 Throwing
 + Level 2.1 Dodging
 + Level 2.2 Stealth
 + Level 2.9 Spellcasting
 + Level 5.1 Necromancy


You had 4 spell levels left.
You knew the following spells:

 Your Spells              Type           Power      Damage    Failure   Level
a - Necrotize             Necr           76%        1d7       3%          1
b - Vampiric Draining     Necr           19%        2d7       9%          3

Your spell library contained the following spells:

 Spells                   Type           Power      Damage    Failure   Level
 Animate Dead             Necr           19%        N/A       30%         4
 Agony                    Necr           19%        N/A       63%         5


Dungeon Overview and Level Annotations

Branches:
Dungeon (3/15)

Altars:

Shops:
D:2 ?

Annotations:
D:3 Robin


Message History

You throw a boomerang. The boomerang closely misses the adder.
The adder bites you but does no damage.
A gnoll comes into view. It is wielding a +0 spear.
The adder barely misses you.
The gnoll moves out of view.
As you read the scroll of fog, it crumbles to dust.
The scroll dissolves into smoke.
The adder closely misses you.
You hit the adder.
The adder is almost dead.
The adder misses you.
Casting: Necrotize (safe; 3% risk of failure)
Confirm with . or Enter, or press ? or * to list all spells.
Aiming: Necrotize (safe; 3% risk of failure)
Press: ? - help, Shift-Dir - straight line, f/p - adder
Aim: an adder (grey smoke, almost dead, chance to affect: 84%)
The adder writhes in agony.
You kill the adder!
The quokka barely misses you.
The endoplasm hits something.
The quokka bites you.
* * * LOW HITPOINT WARNING * * *
You hit the quokka.
The quokka is heavily wounded.
The quokka bites you.
* * * LOW HITPOINT WARNING * * *
The endoplasm hits something.
You hit the quokka.
The quokka is almost dead.
The quokka barely misses you.
The endoplasm hits something.
You completely miss the quokka. Your punch misses the quokka.
The quokka is severely wounded.
The quokka bites you.
* * * LOW HITPOINT WARNING * * *
The endoplasm barely misses something.
You hear a shout!
You hit the quokka.
You kill the quokka!
You start to feel less resistant.
The endoplasm hits your adder skeleton.
The gnoll throws a stone.
The stone barely misses your adder skeleton.
The stone hits you.
You die...

..,,,,*,*,* *,* **,**,*,*,*
*,* **,,*,*,*,* *,*
,*,,*,*,*,* *,* ,*,,*,*,*,*
*,* ,,,,*,*,*,*** *,*
,*,**,*,*,,,* ### *,***
,*,,,,*,*,,,* ##§## *,,,*
,*,****,*,,,* #@§§# *****,*
,,,,,,,,*+*****##Z##
*,,,,,*
*,,**,,,,,,,,,**§Jg#*
*,*****
,,,,+,,,,,,,,**,..§.# *,*
*,,**,,,,,,,,**#...## *,*
,,,**,,,,,,,,**.....** *,*
*,,**,,,,,,,**,r.....***,**
*,,**,,,,,,**,,,,....,**,,*
*,,**,,,,,****,,,,,,,****,*


You could see a gnoll, an endoplasm (ally target) and a friendly adder skeleton.

Vanquished Creatures
  4 adders
  A worm (D:2)
  3 orcs (D:3)
  2 endoplasms (D:2)
  2 giant cockroaches
  7 hobgoblins
  A quokka (D:3)
  5 bats
  5 frilled lizards (D:1)
  11 goblins
  A kobold (D:1)
  A rat (D:2)
43 creatures vanquished.

Vanquished Creatures (collateral kills)
  A frilled lizard (D:1)
1 creature vanquished.

Vanquished Creatures (others)
  5 plants (D:1)
5 creatures vanquished.

Grand Total: 49 creatures vanquished

Notes
Turn   | Place    | Note
-------+----------+-------------------------------------------
     0 | D:1      | elite277 the Human Necromancer began the quest for the Orb.
     0 | D:1      | Reached XP level 1. HP: 13/13 MP: 3/3
   778 | D:1      | Found a faded altar of an unknown god.
   785 | D:1      | Reached XP level 2. HP: 19/19 MP: 0/5
  1171 | D:2      | Reached XP level 3. HP: 17/24 MP: 1/6
  1614 | D:2      | Learned a level 3 spell: Vampiric Draining
  1679 | D:2      | Found Plog's Magic Scroll Shoppe.
  1688 | D:2      | Bought a scroll of teleportation for 39 gold pieces
  1688 | D:2      | Bought a scroll of identify for 26 gold pieces
  1688 | D:2      | Bought a scroll of identify for 26 gold pieces
  2247 | D:3      | Noticed Robin
  2248 | D:3      | Reached skill level 5 in Necromancy
  2250 | D:3      | Reached XP level 4. HP: 28/30 MP: 3/7
  2690 | D:2      | Bought a scroll of poison for 45 gold pieces
  2863 | D:3      | HP: 1/30 [quokka (3)]
  2864 | D:3      | Hit by a stone thrown by a gnoll

Illustrated notes

Levels and vault maps discovered:
D:1:      lemuel_arrival_tunnels, layout_loops_ring,
          shapermc_ecumenical_altar_notcrosses, minmay_lizard_king
D:2:      layout_loops_corners, serial_shops, nicolae_shop_stone,
          kennysheep_generic_room_10
D:3:      gammafunk_wand_slinger, layout_basic, ebering_ghost_sewer_d,
          nicolae_figureground_pulse, uniq_robin

Skill      XL: |  1  2  3 |
---------------+----------+-----
Necromancy     | 5 |  5.1
Throwing       | |  0.1
Dodging        | |  2.1
Stealth        | |  2.2
Spellcasting   | |  2.9

Action                   |  1- 3 |  4- 6 || total
-------------------------+-------+-------++-------
Melee: Unarmed           |    14 |       ||    14
       Punch             |     1 |       ||     1
       Dagger            |    23 |    12 ||    35
Throw: Boomerang         |       |     4 ||     4
 Cast: Necrotize         |    54 |    25 ||    79
       Vampiric Draining |       |     3 ||     3
  Use: Scroll            |     7 |     4 ||    11
       Potion            |       |     2 ||     2
 Stab: Sleeping          |     1 |       ||     1
Armor: Robe              |    11 |     4 ||    15
       Leather armour    |       |     7 ||     7
Dodge: Dodged            |    31 |    23 ||    54

Table legend: (Time is in decaauts)
 A = Elapsed time spent in this place.
 B = Non-inter-level travel time spent in this place.
 C = Inter-level travel time spent in this place.
 D = Time resting spent in this place.
 E = Time spent auto-exploring this place.
 F = Levels seen in this place.
 G = Mean time per level.
                   A        B        C        D        E       F      G
               +--------+--------+--------+--------+--------+-----+--------+
         Total |   2865 |   2676 |    189 |      0 |   1504 |   3 |  955.0 |
       Dungeon |   2865 |   2676 |    189 |      0 |   1504 |   3 |  955.0 |
               +--------+--------+--------+--------+--------+-----+--------+

Top non-repeatable levels by time:
     D:2: 1660 daAuts
     D:1: 1051 daAuts
     D:3: 153 daAuts
